 Dungeon Crawl Stone Soup version 0.30-a0-591-g3c58d2bc28 (webtiles) character file.

Game seed: 16784530135426545697

130 Angani the Conjurer (level 4, 0/28 (36) HPs)
             Began as a Draconian Reaver on Jan 6, 2023.
             Was an Initiate of Yredelemnul.
             Slain by a hound (5 damage)
             ... on level 4 of the Dungeon.
             The game lasted 00:07:12 (3029 turns).

Angani the Conjurer (Draconian Reaver)              Turns: 3029, Time: 00:07:13

HP:   0/28 (36)     AC:  5    Str: 14    XL:     4   Next: 89%
MP:   9/9           EV: 12    Int: 16    God:    Yredelemnul [......]
Gold: 175           SH:  0    Dex:  9    Spells: 6/9 levels left

rFire   . . .      SeeInvis .    o - +1 spear
rCold   . . .      Faith    .    (no shield)
rNeg    . . .      Spirit   .    (body armour unavailable)
rPois   .          Reflect  .    (helmet restricted)
rElec   .          Harm     .    n - scarf {+Inv}
rCorr   .          Rampage  .    (no gloves)
Will    .....                    (no boots)
Stlth   +                        (no amulet)
HPRegen 0.24/turn                (no ring)
MPRegen 0.11/turn                (no ring)

@: heavily drained
A: AC +5, unfitting armour, cold-blooded
a: Renounce Religion, Evoke Invisibility, Recall Undead Harvest


You were on level 4 of the Dungeon.
You worshipped Yredelemnul.
Yredelemnul was noncommittal.
You visited 1 branch of the dungeon, and saw 6 of its levels.

You collected 175 gold pieces.

Inventory:

Hand Weapons
 o - a +1 spear (weapon)
Armour
 n - a scarf of invisibility (worn)
Scrolls
 b - a scroll of identify
 c - a scroll of vulnerability
 j - 2 scrolls of enchant weapon
 k - a scroll of blinking {unknown}
 m - a scroll of teleportation {unknown}
Potions
 a - 2 potions of mutation {unknown}
 f - a potion of haste {unknown}
 g - a potion of ambrosia
 h - 2 potions of curing {unknown}
 l - a potion of degeneration {unknown}
 p - 2 potions of might {unknown}


   Skills:
 - Level 2.1 Fighting
 - Level 3.0 Short Blades
 - Level 1.7 Dodging
 + Level 3.3 Spellcasting
 + Level 4.2 Conjurations
 + Level 2.0 Invocations


You had 6 spell levels left.
You knew the following spells:

 Your Spells              Type           Power      Damage    Failure   Level
a - Kiss of Death         Conj/Necr      36%        2d8       8%          1
b - Momentum Strike       Conj/Tloc      18%        3d8       12%         2

Your spell library contained the following spells:

 Spells                   Type           Power      Damage    Failure   Level
 Hailstorm                Conj/Ice       9%         3d4       22%         3
 Ensorcelled Hibernation  Hex/Ice        4%         N/A       26%         2
 Spider Form              Tmut/Pois      2%         N/A       47%         3
 Anguish                  Hex/Necr       1%         N/A       87%         4


Dungeon Overview and Level Annotations

Branches:
Dungeon (6/15)             Temple (0/1) D:6

Altars:
Yredelemnul


Innate Abilities, Weirdness & Mutations

Your plain brown scales are hard. (AC +5)
You cannot fit into any form of body armour.
You are cold-blooded and may be slowed by cold attacks.


Message History

The hound closely misses you.
You closely miss the hound.
The hound is heavily wounded.
The hound closely misses you. The endoplasm freezes you.
You are frozen.
A dart slug comes into view.
You barely miss the hound.
You tail-slap the hound, but do no damage.
The hound is heavily wounded.
The hound closely misses you. The endoplasm freezes you.
You are frozen.
You feel yourself slow down. The hound bites you.
You hit the hound but do no damage.
The hound is heavily wounded.
You feel yourself speed up. The hound bites you. The endoplasm freezes you.
You are frozen.
The hound bites you but does no damage. The endoplasm closely misses you.
The dart slug launches a dart at you. The slug dart misses you.
The slug dart hits the endoplasm.
The hound closely misses you.
You are too injured to fight recklessly!
You are too injured to fight recklessly!
You hit the endoplasm but do no damage.
The endoplasm is severely wounded.
The hound bites you.
* * * LOW HITPOINT WARNING * * *
The endoplasm closely misses you.
You hit the endoplasm but do no damage.
The endoplasm is severely wounded.
The hound bites you.
* * * LOW HITPOINT WARNING * * *
The endoplasm closely misses you. The hound misses you.
You hit the endoplasm.
You kill the endoplasm!
The hound bites you.
You die...
Your body rises from the dead as a mindless zombie.

.?..## #..#
....##....
..........
.........
........#
##......#
####.......## .
####....>.......
.
.......@h....#..
. ............##
# >.#.........#
#........## #
#.......$... #
##....w....... .
.............. .
..#..........##
.###.####.####


You could see a hound and a dart slug.

Vanquished Creatures
  A scorpion (D:5)
  An orc (D:3)
  6 bats
  7 endoplasms
  2 giant cockroaches
  3 hobgoblins (D:1)
  3 jackals (D:2)
  A quokka (D:1)
  5 ball pythons (D:1)
  3 frilled lizards
  6 goblins
  7 kobolds
  8 rats
53 creatures vanquished.

Vanquished Creatures (collateral kills)
  An adder (D:2)
  A hobgoblin (D:3)
  A jackal (D:2)
  A bat (D:3)
  A rat (D:3)
5 creatures vanquished.

Vanquished Creatures (others)
  2 bat zombies (D:3)
  A goblin zombie (D:3)
3 creatures vanquished.

Grand Total: 61 creatures vanquished

Notes
Turn   | Place    | Note
-------+----------+-------------------------------------------
     0 | D:1      | Angani the Draconian Reaver began the quest for the Orb.
     0 | D:1      | Reached XP level 1. HP: 17/17 MP: 3/3
   196 | D:1      | Reached XP level 2. HP: 24/24 MP: 5/5
   369 | D:1      | Learned a level 2 spell: Momentum Strike
   866 | D:1      | Reached XP level 3. HP: 29/29 MP: 7/7
  1180 | D:2      | Found a basalt altar of Yredelemnul.
  1187 | D:2      | Became a worshipper of Yredelemnul the Dark
  1498 | D:2      | Reached * piety under Yredelemnul
  2013 | D:3      | Reached skill level 1 in Invocations
  2425 | D:3      | Reached XP level 4. HP: 31/36 MP: 8/8
  2458 | D:3      | Reached skill level 4 in Conjurations
  2831 | D:4      | You fall into a shaft and drop 2 floors!
  2840 | D:6      | Noticed an ice beast
  2857 | D:5      | Entered Level 5 of the Dungeon
  2946 | D:5      | Noticed a scorpion
  2951 | D:5      | Killed a scorpion
  3029 | D:4      | Slain by a hound

Illustrated notes

Levels and vault maps discovered:
D:1:      lightli_arrival_windingriver, layout_basic,
          minmay_misc_feat_nine_boxes, hex_large
D:2:      layout_basic, basic_altar, dreamdust_wishing_well
D:3:      layout_loops_ring
D:4:      layout_cave_pools, general_overflow_altar,
          nicolae_ossuary_entry_monument
D:5:      layout_loops_ring, minmay_fractal_squares_5
D:6:      layout_basic, minmay_temple_entry_trees, gammafunk_ghost_hive,
          portal_sewer_entry_b, uniq_menkaure

Skill      XL: |  1  2  3  4 |
---------------+-------------+-----
Invocations    | 1 2 |  2.0
Spellcasting   | 3 |  3.3
Conjurations   | 4 |  4.2
Fighting       | |  2.1
Short Blades   | |  3.0
Dodging        | |  1.7

Action                   |  1- 3 |  4- 6 || total
-------------------------+-------+-------++-------
Melee: Short sword       |   187 |       ||   187
       Tailslap          |    19 |     3 ||    22
       Spear             |    23 |    29 ||    52
 Cast: Kiss of Death     |       |     3 ||     3
Invok: Recall Undead Har |       |     1 ||     1
  Use: Scroll            |     2 |     6 ||     8
       Potion            |       |     1 ||     1
 Stab: Sleeping          |     3 |       ||     3
Armor: Skin              |    79 |     4 ||    83
Dodge: Dodged            |   136 |    21 ||   157

Table legend: (Time is in decaauts)
 A = Elapsed time spent in this place.
 B = Non-inter-level travel time spent in this place.
 C = Inter-level travel time spent in this place.
 D = Time resting spent in this place.
 E = Time spent auto-exploring this place.
 F = Levels seen in this place.
 G = Mean time per level.
                   A        B        C        D        E       F      G
               +--------+--------+--------+--------+--------+-----+--------+
         Total |   3008 |   2926 |     82 |      0 |   2258 |   6 |  501.3 |
       Dungeon |   3008 |   2926 |     82 |      0 |   2258 |   6 |  501.3 |
               +--------+--------+--------+--------+--------+-----+--------+

Top non-repeatable levels by time:
     D:1: 1092 daAuts
     D:2: 873 daAuts
     D:3: 844 daAuts
     D:5: 156 daAuts
     D:6: 25 daAuts
     D:4: 16 daAuts
